TOP OF THE 1ST |
Providence Pilgrims batting - Pitching for Northville Eclipse : RHP Martín Galindo
|
Pitching: RHP Martín Galindo
|
|
Batting: RHB Keith Lynn
|
0-0: Ball 1-0: Foul Ball, location: 2F 1-1: Ball 2-1: Ball 3-1: Called Strike 3-2: Fly out, F7 (Flyball, 78D, EV 105.6 MPH)
|
Batting: RHB Carlos González
|
0-0: Ground out 4-3 (Groundball, 4S, EV 83.8 MPH)
|
Batting: LHB Josh Hall
|
0-0: Ball 1-0: Called Strike 1-1: Called Strike 1-2: Fly out, F7 (Flyball, 78D, EV 102.5 MPH)
|
Top of the 1st over - 0 runs, 0 hits, 0 errors, 0 left on base; Providence 0 - Northville 0 |
BOTTOM OF THE 1ST |
Northville Eclipse batting - Pitching for Providence Pilgrims : RHP Edward Martin
|
Pitching: RHP Edward Martin
|
|
Batting: LHB John Kersey
|
0-0: Ball 1-0: Foul Ball, location: 2F 1-1: Foul Ball, location: 2F 1-2: Ball 2-2: Reached via error on a dropped throw from 1B, E1 (Groundball, 3L, EV 105.6 MPH)
|
Batting: LHB Bob Holmes
|
0-0: Ball 1-0: Ball 2-0: Ball 3-0: Foul Ball, location: 2F 3-1: Swinging Strike 3-2: Strikes out swinging
|
Batting: LHB Jorge Napolez
|
0-0: Ball 1-0: Ball 2-0: Ball 3-0: Called Strike 3-1: Grounds into double play, 4-6-3 (Groundball, 4, EV 89.4 MPH)
|
Bottom of the 1st over - 0 runs, 0 hits, 1 error, 0 left on base; Providence 0 - Northville 0 |
TOP OF THE 2ND |
Providence Pilgrims batting - Pitching for Northville Eclipse : RHP Martín Galindo
|
Batting: LHB David Davis
|
0-0: Called Strike 0-1: Swinging Strike 0-2: SINGLE (Line Drive, 8RS, EV 96.2 MPH)
|
Batting: RHB An-yi Zhou
|
0-0: Ball 1-0: SINGLE (Line Drive, 8RS, EV 98.8 MPH) David Davis to second Runner from 2nd tries for 3rd, SAFE, no throw by CF
|
Batting: RHB Carl Bailey
|
0-0: Ball 1-0: Called Strike 1-1: Swinging Strike 1-2: Ground out 4-3 (Groundball, 34, EV 106.9 MPH) David Davis scores An-yi Zhou to second
|
Batting: RHB Abednego Ashpenaz
|
0-0: Called Strike 0-1: Ball 1-1: Foul Ball, location: 2F 1-2: Strikes out swinging
|
Batting: RHB Jesse McCoy
|
0-0: Ground out 6-3 (Groundball, 6, EV 108.1 MPH)
|
Top of the 2nd over - 1 run, 2 hits, 0 errors, 1 left on base; Providence 1 - Northville 0 |
BOTTOM OF THE 2ND |
Northville Eclipse batting - Pitching for Providence Pilgrims : RHP Edward Martin
|
Batting: LHB Dan Webb
|
0-0: Ground out U3 (Groundball, 3, EV 92.5 MPH)
|
Batting: RHB Kuan Pi
|
0-0: Ball 1-0: Ball 2-0: Called Strike 2-1: Called Strike 2-2: Ball 3-2: Fly out, F7 (Flyball, 78S, EV 91.2 MPH)
|
Batting: RHB Kane Felton
|
0-0: Called Strike 0-1: Swinging Strike 0-2: Strikes out swinging
|
Bottom of the 2nd over - 0 runs, 0 hits, 0 errors, 0 left on base; Providence 1 - Northville 0 |
TOP OF THE 3RD |
Providence Pilgrims batting - Pitching for Northville Eclipse : RHP Martín Galindo
|
Batting: RHB Christian L'Écuyer
|
0-0: Ball 1-0: Called Strike 1-1: Swinging Strike 1-2: Strikes out swinging
|
Batting: RHB Keith Lynn
|
0-0: Ball 1-0: Ball 2-0: Ball 3-0: Base on Balls
|
Batting: RHB Carlos González
|
0-0: Ball 1-0: Foul Ball, location: 2F 1-1: Swinging Strike 1-2: Strikes out swinging Keith Lynn is caught stealing 2nd base 2-4 Batter strikes out.
|
Top of the 3rd over - 0 runs, 0 hits, 0 errors, 0 left on base; Providence 1 - Northville 0 |
BOTTOM OF THE 3RD |
Northville Eclipse batting - Pitching for Providence Pilgrims : RHP Edward Martin
|
Batting: RHB Dan Babauta
|
0-0: Called Strike 0-1: Swinging Strike 0-2: Strikes out swinging
|
Batting: RHB Bastien Oudin
|
0-0: Foul Ball, location: 2F 0-1: Fly out, F8 (Flyball, 8RM, EV 90.6 MPH)
|
Batting: RHB Ricardo Urby
|
0-0: Foul Ball, location: 2F 0-1: Ball 1-1: Fly out, F3 (Popup, 3S, EV 81.2 MPH)
|
Bottom of the 3rd over - 0 runs, 0 hits, 0 errors, 0 left on base; Providence 1 - Northville 0 |
TOP OF THE 4TH |
Providence Pilgrims batting - Pitching for Northville Eclipse : RHP Martín Galindo
|
Batting: LHB Josh Hall
|
0-0: Ball 1-0: Called Strike 1-1: Swinging Strike 1-2: Strikes out swinging
|
Batting: LHB David Davis
|
0-0: Ball 1-0: Ball 2-0: Called Strike 2-1: Ball 3-1: Fly out, F8 (Flyball, 8LS, EV 95.0 MPH)
|
Batting: RHB An-yi Zhou
|
0-0: Called Strike 0-1: Ball 1-1: Foul Ball, location: 2F 1-2: Foul Ball, location: 2F 1-2: Ball 2-2: Foul Ball, location: 2F 2-2: Foul Ball, location: 2F 2-2: SINGLE (Flyball, 5D, EV 94.4 MPH)
|
Batting: RHB Carl Bailey
|
0-0: Foul Ball, location: 2F 0-1: Ball 1-1: Fly out, F7 (Flyball, 7S, EV 85.6 MPH)
|
Top of the 4th over - 0 runs, 1 hit, 0 errors, 1 left on base; Providence 1 - Northville 0 |
BOTTOM OF THE 4TH |
Northville Eclipse batting - Pitching for Providence Pilgrims : RHP Edward Martin
|
Batting: LHB John Kersey
|
0-0: Ball 1-0: Called Strike 1-1: Called Strike 1-2: SINGLE (Flyball, 9LS, EV 90.0 MPH)
|
Batting: LHB Bob Holmes
|
0-0: Called Strike 0-1: Ball 1-1: Foul Ball, location: 2F 1-2: Ball 2-2: Strikes out swinging
|
Batting: LHB Jorge Napolez
|
0-0: Ball 1-0: Called Strike 1-1: Foul Ball, location: 2F 1-2: Strikes out looking
|
Batting: LHB Dan Webb
|
0-0: Ball 1-0: Foul Ball, location: 2F 1-1: Fielders Choice at 2nd, U4 (Groundball, 4M, EV 83.8 MPH)
|
Bottom of the 4th over - 0 runs, 1 hit, 0 errors, 1 left on base; Providence 1 - Northville 0 |
TOP OF THE 5TH |
Providence Pilgrims batting - Pitching for Northville Eclipse : RHP Martín Galindo
|
Batting: RHB Abednego Ashpenaz
|
0-0: Foul Ball, location: 2F 0-1: Ball 1-1: Foul Ball, location: 2F 1-2: Ball 2-2: Ball 3-2: Foul Ball, location: 2F 3-2: Foul Ball, location: 2F 3-2: Base on Balls
|
Batting: RHB Jesse McCoy
|
0-0: Ball 1-0: Ball 2-0: Foul Ball, location: 2F 2-1: Ground out 5-3 (Groundball, 56S, EV 65.0 MPH) Abednego Ashpenaz to second
|
Batting: RHB Christian L'Écuyer
|
0-0: Ball 1-0: Swinging Strike 1-1: Called Strike 1-2: Strikes out swinging
|
Batting: RHB Keith Lynn
|
0-0: SINGLE (Groundball, 15, EV 69.4 MPH) (infield hit) Abednego Ashpenaz to third
|
Batting: RHB Carlos González
|
0-0: Ball 1-0: Called Strike 1-1: Fly out, F9 (Flyball, 9LS, EV 96.9 MPH)
|
Top of the 5th over - 0 runs, 1 hit, 0 errors, 2 left on base; Providence 1 - Northville 0 |
BOTTOM OF THE 5TH |
Northville Eclipse batting - Pitching for Providence Pilgrims : RHP Edward Martin
|
Batting: RHB Kuan Pi
|
0-0: SINGLE (Groundball, 34D, EV 97.5 MPH)
|
Batting: RHB Kane Felton
|
0-0: Called Strike 0-1: SINGLE (Groundball, 6MD, EV 96.9 MPH) Kuan Pi to second
|
Batting: RHB Dan Babauta
|
0-0: Grounds into double play, 5-4-3 (Groundball, 56, EV 108.1 MPH) Kuan Pi to third
|
Batting: RHB Bastien Oudin
|
0-0: Called Strike 0-1: Ball 1-1: Ball 2-1: Ball 3-1: Swinging Strike 3-2: Foul Ball, location: 2F 3-2: Base on Balls
|
Batting: RHB Ricardo Urby
|
0-0: Ball 1-0: Ball 2-0: Ground out 5-3 (Groundball, 56S, EV 63.8 MPH)
|
Bottom of the 5th over - 0 runs, 2 hits, 0 errors, 2 left on base; Providence 1 - Northville 0 |
TOP OF THE 6TH |
Providence Pilgrims batting - Pitching for Northville Eclipse : RHP Martín Galindo
|
Batting: LHB Josh Hall
|
0-0: Called Strike 0-1: Ball 1-1: Foul Ball, location: 2F 1-2: Foul Ball, location: 2F 1-2: Ball 2-2: Foul Ball, location: 2F 2-2: Ball 3-2: Foul Ball, location: 2F 3-2: Fly out, F6 (Popup, 6, EV 72.5 MPH)
|
Batting: LHB David Davis
|
0-0: Called Strike 0-1: Called Strike 0-2: Foul Ball, location: 2F 0-2: Foul Ball, location: 2F 0-2: Ball 1-2: Ball 2-2: Ball 3-2: Foul Ball, location: 2F 3-2: Fly out, F8 (Line Drive, 8LD, EV 98.8 MPH)
|
Pitching: RHP Abisai Tinter
|
|
Batting: RHB An-yi Zhou
|
0-0: Called Strike 0-1: Ball 1-1: Swinging Strike 1-2: Foul Ball, location: 2F 1-2: Strikes out swinging
|
Top of the 6th over - 0 runs, 0 hits, 0 errors, 0 left on base; Providence 1 - Northville 0 |
BOTTOM OF THE 6TH |
Northville Eclipse batting - Pitching for Providence Pilgrims : RHP Edward Martin
|
Batting: LHB John Kersey
|
0-0: Ball 1-0: Foul Ball, location: 2F 1-1: Swinging Strike 1-2: Ball 2-2: Strikes out swinging
|
Batting: LHB Bob Holmes
|
0-0: Swinging Strike 0-1: Ground out 4-3 (Groundball, 4, EV 101.9 MPH)
|
Batting: LHB Jorge Napolez
|
0-0: Ball 1-0: Hit by Pitch
|
Batting: LHB Dan Webb
|
0-0: Ball 1-0: Foul Ball, location: 2F 1-1: Ball 2-1: Ball 3-1: Ground out U3 (Groundball, 34S, EV 78.1 MPH)
|
Bottom of the 6th over - 0 runs, 0 hits, 0 errors, 1 left on base; Providence 1 - Northville 0 |
TOP OF THE 7TH |
Providence Pilgrims batting - Pitching for Northville Eclipse : RHP Abisai Tinter
|
Batting: RHB Carl Bailey
|
0-0: SINGLE (Groundball, 6MD, EV 98.8 MPH)
|
Batting: RHB Abednego Ashpenaz
|
0-0: Ball 1-0: Called Strike 1-1: Swinging Strike 1-2: Fielders Choice at 2nd, 6-4 (Groundball, 6, EV 90.0 MPH)
|
Batting: RHB Jesse McCoy
|
0-0: Ball 1-0: Foul Ball, location: 2F 1-1: Ball 2-1: Ball 3-1: Foul Ball, location: 2F 3-2: Base on Balls Abednego Ashpenaz to second
|
Batting: RHB Christian L'Écuyer
|
0-0: Foul Ball, location: 2F 0-1: Swinging Strike 0-2: Ball 1-2: Ball 2-2: Strikes out looking
|
Batting: RHB Keith Lynn
|
0-0: Swinging Strike 0-1: Ball Wild Pitch! Abednego Ashpenaz to third Jesse McCoy to second 1-1: Ball 2-1: Foul Ball, location: 2F 2-2: Ball 3-2: Fly out, F9 (Line Drive, 9D, EV 90.6 MPH)
|
Top of the 7th over - 0 runs, 1 hit, 0 errors, 2 left on base; Providence 1 - Northville 0 |
BOTTOM OF THE 7TH |
Northville Eclipse batting - Pitching for Providence Pilgrims : RHP Edward Martin
|
Batting: RHB Kuan Pi
|
0-0: Ball 1-0: Ball 2-0: Foul Ball, location: 2F 2-1: Foul Ball, location: 2F 2-2: Strikes out swinging
|
Batting: RHB Kane Felton
|
0-0: DOUBLE (Groundball, 5L, EV 96.2 MPH)
|
Batting: RHB Dan Babauta
|
0-0: Ball 1-0: Called Strike 1-1: Ball 2-1: Foul Ball, location: 2F 2-2: Strikes out looking
|
Batting: RHB Bastien Oudin
|
0-0: Foul Ball, location: 2F 0-1: Ball 1-1: Called Strike 1-2: Ball 2-2: SINGLE (Line Drive, 78S, EV 97.5 MPH) Kane Felton to third Runner from 3rd tries for Home, SAFE, throw by LF to home
|
Pitching: RHP Rafael Ramos
|
|
Batting: RHB Ricardo Urby
|
0-0: Called Strike 0-1: Foul Ball, location: 2F 0-2: SINGLE (Flyball, 8LS, EV 91.2 MPH) Bastien Oudin to second Runner from 2nd tries for 3rd, OUT! 8-5
|
Bottom of the 7th over - 1 run, 3 hits, 0 errors, 1 left on base; Providence 1 - Northville 1 |
TOP OF THE 8TH |
Providence Pilgrims batting - Pitching for Northville Eclipse : RHP Abisai Tinter
|
Batting: RHB Carlos González
|
0-0: DOUBLE (Groundball, 5L, EV 104.4 MPH)
|
Batting: LHB Josh Hall
|
0-0: Ball 1-0: Swinging Strike 1-1: Ball 2-1: SINGLE (Line Drive, 9LS, EV 105.0 MPH) Carlos González to third
|
Batting: LHB David Davis
|
0-0: Fly out, F9 (Flyball, 9S, EV 84.4 MPH)
|
Batting: RHB An-yi Zhou
|
0-0: DOUBLE (Flyball, 8LXD, EV 107.5 MPH) Carlos González scores Josh Hall to third
|
Batting: RHB Carl Bailey
|
0-0: Ball 1-0: Fly out, F7 (Flyball, 7S, EV 92.5 MPH)
|
Batting: RHB Abednego Ashpenaz
|
0-0: Intentional Walk
|
Batting: RHB Jesse McCoy
|
0-0: Called Strike 0-1: Foul Ball, location: 2F 0-2: Fielders Choice at 2nd, 5-4 (Groundball, 5, EV 93.1 MPH)
|
Top of the 8th over - 1 run, 3 hits, 0 errors, 3 left on base; Providence 2 - Northville 1 |
BOTTOM OF THE 8TH |
Northville Eclipse batting - Pitching for Providence Pilgrims : RHP Rafael Ramos
|
Batting: LHB John Kersey
|
0-0: Swinging Strike 0-1: Called Strike 0-2: Strikes out swinging
|
Batting: LHB Bob Holmes
|
0-0: Fly out, F9 (Flyball, 9D, EV 98.8 MPH)
|
Batting: LHB Jorge Napolez
|
0-0: Ball 1-0: Fly out, F8 (Line Drive, 8LM, EV 90.0 MPH)
|
Bottom of the 8th over - 0 runs, 0 hits, 0 errors, 0 left on base; Providence 2 - Northville 1 |
TOP OF THE 9TH |
Providence Pilgrims batting - Pitching for Northville Eclipse : RHP Abisai Tinter
|
Pitching: RHP Ari Schaller
|
|
Batting: RHB Christian L'Écuyer
|
0-0: Ball 1-0: Ball 2-0: Called Strike 2-1: Ball 3-1: Base on Balls
|
Batting: RHB Keith Lynn
|
0-0: Bunted foul 0-1: Bunted foul 0-2: Fly out, F7 (Flyball, 7LMF, EV 93.1 MPH)
|
Batting: RHB Carlos González
|
0-0: Foul Ball, location: 2F 0-1: Fielders Choice at 2nd, 6-4 (Groundball, 6, EV 78.1 MPH)
|
Batting: LHB Josh Hall
|
0-0: Called Strike Carlos González is caught stealing 2nd base 2-6
|
Top of the 9th over - 0 runs, 0 hits, 0 errors, 0 left on base; Providence 2 - Northville 1 |
BOTTOM OF THE 9TH |
Northville Eclipse batting - Pitching for Providence Pilgrims : RHP Rafael Ramos
|
Pitching: RHP Bernard Hewer
|
|
Now at SS: Enrico Castañera
|
|
Now in RF: Allen Kelley
|
|
Batting: LHB Dan Webb
|
0-0: Ground out 4-3 (Groundball, 34, EV 103.8 MPH)
|
Batting: RHB Kuan Pi
|
0-0: Ball 1-0: Ground out 6-3 (Groundball, 6, EV 81.2 MPH)
|
Batting: RHB Kane Felton
|
0-0: Ball 1-0: Called Strike 1-1: Swinging Strike 1-2: Foul Ball, location: 2F 1-2: Ball 2-2: Strikes out looking
|
Bottom of the 9th over - 0 runs, 0 hits, 0 errors, 0 left on base; Providence 2 - Northville 1 |
|